 Dungeon Crawl Stone Soup version 0.21.1-1-g345015f (webtiles) character file.

13482 Fang the Cleaver (level 12, -9/77 HPs)
             Began as a Gargoyle Berserker on May 31, 2018.
             Was a High Priest of Trog.
             Mangled by a white ugly thing (16 damage)
             ... on level 11 of the Dungeon.
             The game lasted 00:18:35 (8208 turns).

Fang the Cleaver (Gargoyle Berserker)               Turns: 8208, Time: 00:18:36

Health: -9/77      AC: 19    Str: 28    XL:     12   Next: 6%
Magic:  0/12       EV: 14    Int:  8    God:    Trog [*****.]
Gold:   379        SH:  0    Dex:  9    Spells: 11/11 levels left

rFire    . . .     SeeInvis +   B - +5 executioner's axe (flame)
rCold    . . .     Gourm    .   (shield currently unavailable)
rNeg     + . .     Faith    .   A - +0 leather armour of Konevuow {Str+2}
rPois    ∞         Spirit   +   (no helmet)
rElec    +         Reflect  .   D - scarf {Spirit}
rCorr    .         Harm     .   t - +1 pair of gloves
MR       .....                  (no boots)
Stlth    ++........             f - amulet of regeneration
HPRegen  0.62/turn              g - +5 ring of protection
MPRegen  0.13/turn              G - ring of see invisible

@: berserk cooldown, slowed, very slow
A: negative energy resistance 1, electricity resistance, unbreathing,
petrification resistance, rot immunity, AC +8
a: Berserk, Trog's Hand, Brothers in Arms, Burn Spellbooks, Renounce Religion


You were on level 11 of the Dungeon.
You worshipped Trog.
Trog was extremely pleased with you.
You were not hungry.

You visited 1 branch of the dungeon, and saw 11 of its levels.

You collected 379 gold pieces.

Inventory:

Hand Weapons
 b - a +0 war axe
 u - a +1 battleaxe of freezing
 B - a +5 executioner's axe of flaming (weapon)
Armour
 s - a +0 ring mail of cold resistance
 t - a +1 pair of gloves (worn)
 A - the +0 leather armour of Konevuow (worn) {Str+2}
   (You found it on level 9 of the Dungeon)

   It affects your strength (+2).
 D - a scarf of spirit shield (worn)
Jewellery
 f - an amulet of regeneration (around neck)
 g - a +5 ring of protection (left hand)
 k - an uncursed ring of fire
 n - a +2 ring of dexterity
 o - an uncursed ring of magical power
 p - an uncursed ring of poison resistance
 G - a ring of see invisible (right hand)
Wands
 a - a wand of enslavement (23)
 j - a wand of iceblast (11)
 w - a wand of acid (21)
 F - a wand of polymorph (19)
Scrolls
 e - 3 scrolls of identify
 h - 3 scrolls of remove curse
 i - 2 scrolls of blinking
 q - 6 scrolls of teleportation
Potions
 d - 3 potions of agility
 l - 2 potions of haste
 m - 4 potions of might
 r - a potion of flight
 v - a potion of berserk rage
 z - a potion of curing
Books
 x - a book of Cantrips

   Spells                             Type                      Level
   a - Confusing Touch                Hexes                        1
   b - Animate Skeleton               Necromancy                   1
   c - Summon Small Mammal            Summoning                    1
   d - Apportation                    Translocation                1
   Trog disapproves of the use of such an item.
Comestibles
 c - 17 rations


   Skills:
 + Level 9.7 Fighting
 + Level 13.2 Axes
 + Level 4.1 Armour
 + Level 6.9 Dodging
 + Level 3.7 Stealth


You had 11 spell levels left.
You didn't know any spells.

Dungeon Overview and Level Annotations

Branches:
Dungeon (11/15)            Temple (0/1) D:4            Lair (0/6) D:11
    Orc: D:9-12

Altars:
Elyvilon
Fedhas
Kikubaaqudgha
Nemelex Xobeh
Qazlal
Ru
Sif Muna
Trog
Uskayaw
Wu Jian

Shops:
D:8 *

Portals:
Trove: D:10 (show slimy rune of Zot)

Annotations:
D:4 2 transporters
D:5 1 runed door


Innate Abilities, Weirdness & Mutations

You are resistant to torment.
Your stone body is resilient. (AC +8)
You are immune to poison.
You resist negative energy. (rN+)
You are resistant to electric shocks. (rElec)
You can survive without breathing.
You are immune to petrification.
You are immune to rotting.


Message History

Urug hits you with an enchanted double sword!
* * * LOW HITPOINT WARNING * * *
Urug barely misses you.
You closely miss Urug.
Urug is almost dead.
Urug misses you. Urug hits you but does no damage.
You slash Urug! You burn Urug.
You kill Urug!
Trog accepts your kill.
Found a stone staircase leading down.
Things that are here:
an enchanted double sword; a shiny chain mail You barely miss the white ugly thing.
The white ugly thing gurgles horribly!
Something shouts, "Scamper away, thou twisted ill-nurtured lout!"
The white ugly thing tail-slaps you but does no damage. x2
You barely miss the white ugly thing. The white ugly thing tail-slaps you.
* * * LOW HITPOINT WARNING * * *
The white ugly thing freezes you!
You die...

*,* *,,,,,,,,,*,*,,**,*,* *,*
*,,.......#.*,,,,,,,* *,*
*,,,........,,,,,,***
*,*****........>.#**,***********
*,,,,,,,u........##*,*,,,,,,,,,,
******,,,...,.....,,,*,,,,,,****
*** **,,,..,,...*****,,,,,,***,
,,** ****#.**#u## *,,,,,,,,,,
,,,* ##.###@.#####.,,,,,***, ,,,*
#.............,,,,,* ** ,,,**
#.....).......,,,,,* ,,,,*
#..(#.(###..##**,*** ***,*
#..<#).#(#..# *,* *,*
#(..#..###..#***,****** ***,*
#(..#..$......,,,,,,,,,
,,,,******#...#.......#.,,***,,,,
***,,,,,,,............#,,,***,,,,


You could see a white ugly thing and an enchanted double sword.

Vanquished Creatures
  Erolcha (D:9)
  A hydra (D:10)
  A two-headed ogre (D:8)
  The ghost of bnns the Martial Artist, a novice GnTm of Cheibriados (D:8)
  Urug (D:11)
  4 orc knights
  Pikel (D:7)
  Joseph (D:10)
  Psyche (D:8)
  A troll (D:10)
  2 hornets (D:9)
  A hippogriff (D:9)
  A wyvern (D:8)
  Grum (D:8)
  2 hungry ghosts
  Menkaure (D:5)
  3 soldier ants
  A water moccasin (D:10)
  4 ice beasts
  4 slaves (D:7)
  3 ogres
  3 sky beasts
  A necrophage (D:7)
  2 phantoms (D:6)
  4 wolves (D:8)
  4 orc warriors
  5 centaurs
  The ghost of rabel the Digger, an amateur GrEE (D:3)
  7 bullfrogs
  A gnoll sergeant (D:9)
  3 scorpions
  7 killer bees
  10 wights
  2 howler monkeys
  6 crimson imps
  3 bullfrog zombies
  2 centaur zombies
  5 hounds
  A quasit (D:10)
  5 jellies
  2 centaur skeletons
  5 orc priests
  2 bullfrog skeletons
  An iguana (D:8)
  6 orc wizards
  14 worker ants
  A hound zombie (D:3)
  A hound skeleton (D:10)
  A worker ant zombie (D:3)
  6 gnolls
  11 adders
  2 shadow imps
  An adder zombie (D:9)
  An adder skeleton (D:3)
  4 worms
  5 dart slugs (D:1)
  6 leopard geckos
  41 orcs
  8 giant cockroaches
  6 hobgoblins
  9 kobolds
  2 quokkas
  3 ball pythons
  5 bats
  9 frilled lizards
  7 goblins
  A jackal skeleton (D:7)
  A quokka skeleton (D:2)
  11 rats
  A butterfly (D:5)
281 creatures vanquished.

Vanquished Creatures (others)
  A quokka (D:8)
1 creature vanquished.

Grand Total: 282 creatures vanquished

Notes
Turn   | Place    | Note
-------+----------+-------------------------------------------
     0 | D:1      | Fang the Gargoyle Berserker began the quest for the Orb.
     0 | D:1      | Reached XP level 1. HP: 14/14 MP: 1/1
    12 | D:1      | Noticed a polar bear
    12 | D:1      | Noticed a worker ant
    12 | D:1      | Noticed a hog
    19 | D:1      | Noticed a swamp drake
   458 | D:1      | Reached XP level 2. HP: 15/19 MP: 2/2
   467 | D:1      | Reached skill level 3 in Axes
   572 | D:1      | Found a sparkling altar of Nemelex Xobeh.
   688 | D:1      | Reached XP level 3. HP: 24/24 MP: 3/3
   787 | D:1      | Reached ** piety under Trog
   901 | D:2      | Found an ornate altar of the Wu Jian Council.
   903 | D:2      | Found a stormy altar of Qazlal.
   903 | D:2      | Found an ancient bone altar of Kikubaaqudgha.
   967 | D:2      | Reached XP level 4. HP: 29/29 MP: 4/4
  1041 | D:2      | Reached skill level 4 in Axes
  1395 | D:3      | Reached XP level 5. HP: 28/33 MP: 5/5
  1706 | D:3      | Reached *** piety under Trog
  1706 | D:3      | Reached XP level 6. HP: 29/39 MP: 6/6
  2123 | D:3      | Noticed rabel's ghost (amateur GrEE)
  2135 | D:3      | Killed rabel's ghost
  2135 | D:3      | Reached skill level 5 in Axes
  2505 | D:4      | Found a blossoming altar of Fedhas.
  2654 | D:4      | Reached XP level 7. HP: 36/44 MP: 7/7
  2666 | D:4      | Found a transporter.
  2709 | D:4      | Found a transporter.
  2838 | D:4      | Found a staircase to the Ecumenical Temple.
  2930 | D:5      | Entered Level 5 of the Dungeon
  3116 | D:5      | Noticed Menkaure
  3122 | D:5      | Killed Menkaure
  3122 | D:5      | Reached skill level 5 in Fighting
  3122 | D:5      | Reached skill level 6 in Axes
  3126 | D:5      | Reached skill level 1 in Stealth
  3174 | D:5      | Found a runed door.
  3216 | D:5      | Reached XP level 8. HP: 43/49 MP: 8/8
  3461 | D:5      | Found a runed door.
  3533 | D:5      | Found a white marble altar of Elyvilon.
  3744 | D:5      | Reached skill level 7 in Axes
  3745 | D:5      | Reached **** piety under Trog
  3916 | D:6      | Reached skill level 8 in Axes
  3918 | D:6      | Reached XP level 9. HP: 40/55 MP: 9/9
  4258 | D:6      | Reached skill level 5 in Dodging
  4327 | D:6      | Found a hide-covered altar of Uskayaw.
  4730 | D:7      | Reached skill level 9 in Axes
  4791 | D:7      | Noticed Pikel
  4806 | D:7      | Killed Pikel
  5187 | D:8      | Noticed bnns's ghost (novice GnTm)
  5191 | D:8      | Noticed Psyche
  5211 | D:8      | Killed Psyche
  5211 | D:8      | Reached XP level 10. HP: 54/63 MP: 10/10
  5235 | D:8      | Killed bnns's ghost
  5235 | D:8      | Reached skill level 10 in Axes
  5430 | D:8      | Reached ***** piety under Trog
  5457 | D:8      | Noticed a two-headed ogre
  5466 | D:8      | Killed a two-headed ogre
  5689 | D:8      | Found Malism's Assorted Antiques.
  5938 | D:8      | Reached skill level 11 in Axes
  6081 | D:8      | Noticed Grum
  6094 | D:8      | Killed Grum
  6570 | D:9      | Reached XP level 11. HP: 69/69 MP: 11/11
  6585 | D:9      | Paralysed by fainting for 10 turns
  6667 | D:9      | Got a heavily runed leather armour
  6681 | D:9      | Identified the +0 leather armour of Konevuow {Str+2} (You found it on level 9 of the Dungeon)
  6715 | D:9      | Noticed Erolcha
  6723 | D:9      | Killed Erolcha
  6743 | D:9      | Received a gift from Trog
  6948 | D:9      | Reached skill level 12 in Axes
  7177 | D:9      | Found a bloodstained altar of Trog.
  7180 | D:9      | Found a sacrificial altar of Ru.
  7183 | D:9      | Found a deep blue altar of Sif Muna.
  7261 | D:10     | Entered Level 10 of the Dungeon
  7538 | D:10     | Found a portal to a secret trove of treasure.
  7816 | D:11     | Noticed Joseph
  7816 | D:11     | Noticed an orc knight
  7816 | D:11     | Noticed an enchanted double sword
  7816 | D:11     | Noticed an orc knight
  7816 | D:11     | Noticed Urug
  7816 | D:11     | Noticed an orc knight
  7817 | D:11     | Noticed an orc knight
  7835 | D:10     | Killed an orc knight
  7886 | D:10     | Killed Joseph
  7889 | D:10     | Killed an orc knight
  7892 | D:10     | HP: 5/106 [orc knight/long sword (15)]
  7900 | D:10     | Killed an orc knight
  8114 | D:11     | Noticed an eight-headed hydra
  8125 | D:10     | Killed a seven-headed hydra
  8125 | D:10     | Reached skill level 13 in Axes
  8198 | D:11     | Killed an orc knight
  8198 | D:11     | Reached XP level 12. HP: 34/77 MP: 3/12
  8201 | D:11     | HP: 3/77 [Urug/enchanted double sword (5)]
  8203 | D:11     | Killed Urug
  8208 | D:11     | Mangled by a white ugly thing

Skill      XL: |  1  2  3  4  5  6  7  8  9 10 11 |
---------------+----------------------------------+-----
Axes           | 3 4 5 6 8 9 11 13 | 13.2
Fighting       | 4 5 6 7 8 9 |  9.7
Dodging        | 2 3 4 5 6 |  6.9
Stealth        | 1 2 3 |  3.7
Armour         | 4 |  4.1

Action                   |  1- 3 |  4- 6 |  7- 9 | 10-12 || total
-------------------------+-------+-------+-------+-------++-------
Melee: Hand axe          |   120 |   236 |   339 |       ||   695
       Battleaxe         |       |       |    45 |   182 ||   227
       Executioner's axe |       |       |       |   153 ||   153
Invok: Berserk           |       |     2 |     6 |     5 ||    13
       Burn Spellbooks   |       |       |       |     1 ||     1
  Use: Potion            |       |     1 |       |     5 ||     6
       Scroll            |       |     7 |     5 |     3 ||    15
 Stab: Sleeping          |       |       |     1 |     2 ||     3
       Confused          |       |       |     1 |       ||     1
  Eat: Chunk             |       |     5 |    12 |    13 ||    30
       Ration            |       |     1 |       |     3 ||     4
Armor: Animal skin       |    42 |   109 |   145 |    44 ||   340
       Ring mail         |       |       |       |    49 ||    49
       Leather armour    |       |       |       |   105 ||   105
Dodge: Dodged            |    81 |   148 |   244 |   323 ||   796
